 Dungeon Crawl Stone Soup version 0.25-a0-558-g78a2afb (webtiles) character file.

Game seed: 13596178950235422285, levelgen mode: deterministic

501275 Firecrotchwizard the Slayer (level 24, -5/150 HPs)
             Began as a Vine Stalker Assassin on Feb 24, 2020.
             Was the Champion of Dithmenos.
             Splashed with acid (21 damage)
             ... on level 1 of the Pits of Slime on Feb 25, 2020.
             The game lasted 02:37:11 (50040 turns).

Firecrotchwizard the Slayer (VSAs)                 Turns: 50040, Time: 02:37:11

Health: -5/150     AC: 39    Str: 21    XL:     24   Next: 92%
Magic:  0/34       EV: 23    Int: 11    God:    Dithmenos [******]
Gold:   1987       SH: 12    Dex: 32    Spells: 22/23 levels left

rFire    . . .     SeeInvis .   M - +9 quick blade
rCold    . . .     Gourm    .   Y - +3 warlock's mirror {reflect}
rNeg     + . .     Faith    .   S - +6 pearl dragon scales
rPois    +         Spirit   +   x - +2 helmet
rElec    .         Reflect  +   T - +2 cloak {rPois}
rCorr    +         Harm     .   F - +2 pair of gloves
MR       +++..                  (no boots)
Stlth    ++++++++++             y - amulet "Vuibri" {Reflect Str+4 Dex+5 SH+2}
HPRegen  1.15/turn              D - ring of resist corrosion
MPRegen  0.24/turn              p - +4 ring of protection

@: wreathed by umbra, studying Short Blades
A: fangs 3, talons 1, iridescent scales 1, agile 1, sense surroundings 1,
regeneration 2, magic shield, antimagic bite, no potion heal 3, rot immunity
}: 3/15 runes: decaying, serpentine, silver
a: Shadow Step, Shadow Form, Renounce Religion


You were on level 1 of the Pits of Slime.
You worshipped Dithmenos.
Dithmenos was exalted by your worship.
You were not hungry.

You visited 9 branches of the dungeon, and saw 42 of its levels.

You collected 6405 gold pieces.
You spent 4418 gold pieces at shops.

Inventory:

Hand Weapons
 J - a +9 dagger of speed
   (You took it off an orc wizard on level 11 of the Dungeon)
 M - a +9 quick blade (weapon)
   (You took it off a spriggan defender on level 2 of the Depths)
Missiles
 d - 140 poisoned darts
 e - 21 curare-tipped darts
 u - 8 atropa-tipped darts
 w - 4 throwing nets {=f, !d}
 U - 3 datura-tipped darts
Armour
 x - a +2 helmet (worn)
   (You found it on level 4 of the Dungeon)
 A - the +5 faerie dragon scales {rCorr MP+9 Str+4 Dex-2 SInv}
   (You took it off the Enchantress on level 2 of the Depths)

   It affects your strength (+4).
   It affects your dexterity (-2).
   It affects your magic capacity (+9).
   It lets you see invisible.
   It provides partial protection from all sources of acid and corrosion.
   If you switch to wearing this armour, your AC will decrease by 7 (39 -> 32).
 F - a +2 pair of gloves (worn)
   (You found it on level 6 of the Dungeon)
 S - +6 pearl dragon scales (worn)
   (You found it on level 7 of the Dungeon)
 T - a +2 cloak of poison resistance (worn)
   (You found it on level 7 of the Dungeon)
 Y - the +3 warlock's mirror (worn) {reflect}
   (You found it on level 2 of the Depths)
Jewellery
 o - an uncursed ring of protection from magic {MR+, !d}
   (You took it off a boggart on level 2 of the Vaults)
 p - a +4 ring of protection (right hand)
   (You found it on level 4 of the Dungeon)
 q - an uncursed ring of protection from fire {rF+, !d}
   (You found it on level 4 of the Vaults)
 y - the amulet "Vuibri" (around neck) {Reflect Str+4 Dex+5 SH+2}
   (You found it on level 10 of the Dungeon)

   [amulet of reflection]

   It shields you and reflects attacks.
   It affects your strength (+4).
   It affects your dexterity (+5).
   It affects your SH (+2).
 B - an uncursed ring of protection from fire {rF+, !d}
   (You found it on level 1 of the Swamp)
 D - a ring of resist corrosion (left hand)
   (You found it on level 6 of the Dungeon)
 V - an uncursed ring of protection from cold {rC+, !d}
   (You found it on level 1 of the Swamp)
Wands
 i - a wand of acid (33)
   (You found it on level 4 of the Dungeon)
 C - a wand of clouds (21)
   (You bought it in a shop on level 4 of the Vaults)
 P - a wand of iceblast (10)
   (You found it on level 5 of the Vaults)
 Q - a wand of digging (3)
   (You found it on level 3 of the Lair of Beasts)
Scrolls
 a - 11 scrolls of identify
 c - 5 scrolls of enchant weapon
 g - 23 scrolls of remove curse
 k - 8 scrolls of fog
 G - 2 scrolls of silence
 H - 6 scrolls of blinking {!r}
 I - 15 scrolls of teleportation
 L - 5 scrolls of fear
 O - 5 scrolls of summoning
 R - 2 scrolls of magic mapping {!r}
Potions
 h - 5 potions of mutation {!q}
 l - 2 potions of might
 m - 5 potions of brilliance
 n - 5 potions of stabbing
 r - 2 potions of flight
 s - 3 potions of haste
 v - 14 potions of curing
 z - 5 potions of berserk rage {!q}
 E - 7 potions of lignification {!q}
 N - 2 potions of cancellation
 X - 3 potions of resistance
Books
 j - a manual of Short Blades {!d}
   (You found it on level 5 of the Vaults)
Miscellaneous
 b - a sack of spiders
 t - a lightning rod (4/4)
   (You found it on level 1 of the Lair of Beasts)
 K - a phantom mirror
 W - a lamp of fire
   (You found it on level 9 of the Dungeon)
Comestibles
 f - 53 rations


   Skills:
 + Level 23.5 Fighting
 - Level 10.0 Short Blades
 - Level 1.7 Throwing
 + Level 15.2 Armour
 - Level 12.8 Dodging
 - Level 20.6 Stealth
 - Level 4.0 Shields
 - Level 13.0 Invocations
 - Level 14.0 Evocations


You had 22 spell levels left.
You knew the following spells:

 Your Spells              Type           Power        Failure   Level  Hunger
B - Summon Butterflies    Summ           #.......     63%         1    ##.....

Your spell library contained the following spells:

 Spells                   Type           Power        Failure   Level  Hunger
 Corona                   Hex            #......      63%         1    ##.....
 Freeze                   Ice            #...         63%         1    ##.....
 Shock                    Conj/Air       #...         63%         1    ##.....
 Sting                    Tmut/Pois      #...         63%         1    ##.....
 Summon Small Mammal      Summ           #...         63%         1    ##.....
 Call Imp                 Summ           #.......     77%         2    ###....
 Poisonous Vapours        Pois/Air       #.....       77%         2    ###....
 Slow                     Hex            #.......     77%         2    ###....
 Sublimation of Blood     Necr           #.........   77%         2    ###....
 Swiftness                Chrm/Air       #.......     77%         2    ###....
 Call Canine Familiar     Summ           #.......     94%         3    ####...
 Ignite Poison            Fire/Tmut/Pois #.......     94%         3    ####...
 Inner Flame              Hex/Fire       #.......     94%         3    ####...
 Mephitic Cloud           Conj/Pois/Air  #.......     94%         3    ####...
 Portal Projectile        Hex/Tloc       #.....       94%         3    ####...
 Recall                   Summ/Tloc      N/A          94%         3    ####...
 Static Discharge         Conj/Air       #.......     94%         3    ####...
 Summon Guardian Golem    Hex/Summ       #.......     94%         3    ####...
 Airstrike                Air            #.........   100%        4    #####..
 Cause Fear               Hex            #.........   100%        4    #####..
 Hailstorm                Conj/Ice       #.......     100%        4    #####..
 Ice Form                 Ice/Tmut       #.......     100%        4    #####..
 Leda's Liquefaction      Hex/Erth       #.........   100%        4    #####..
 Olgreb's Toxic Radiance  Pois           #.......     100%        4    #####..
 Petrify                  Tmut/Erth      #.......     100%        4    #####..
 Summon Ice Beast         Ice/Summ       #.......     100%        4    #####..
 Summon Lightning Spire   Summ/Air       #.......     100%        4    #####..
 Alistair's Intoxication  Tmut/Pois      #.......     100%        5    ######.
 Aura of Abjuration       Summ           #.........   100%        5    ######.
 Irradiate                Conj/Tmut      #.........   100%        5    ######.
 Lightning Bolt           Conj/Air       #.........   100%        5    ######.
 Metabolic Englaciation   Hex/Ice        #.........   100%        5    ######.
 Silence                  Hex/Air        #.........   100%        5    ######.
 Summon Demon             Summ           #.........   100%        5    ######.
 Summon Forest            Summ/Tloc      #.........   100%        5    ######.
 Summon Mana Viper        Hex/Summ       #.......     100%        5    ######.
 Conjure Ball Lightning   Conj/Air       #.........   100%        6    #######
 Deflect Missiles         Chrm/Air       #.........   100%        6    #######
 Eringya's Noxious Bog    Tmut/Pois      #.........   100%        6    #######
 Freezing Cloud           Conj/Ice/Air   #.........   100%        6    #######
 Ozocubu's Refrigeration  Ice            #.........   100%        6    #######
 Shadow Creatures         Summ           N/A          100%        6    #######
 Simulacrum               Ice/Necr       #.........   100%        6    #######
 Summon Hydra             Summ           #.........   100%        7    #######
 Ignition                 Fire           #.........   100%        8    #######
 Shatter                  Erth           #.........   100%        9    #######
 Tornado                  Air            #.........   100%        9    #######


Dungeon Overview and Level Annotations

Branches:
Dungeon (15/15)            Temple (1/1) D:4            Lair (6/6) D:9
  Swamp (4/4) Lair:4        Snake (4/4) Lair:2        Slime (1/5) Lair:6
    Orc (2/2) D:12            Elf (0/3) Orc:2        Vaults (5/5) D:14
  Crypt (0/3) Vaults:2     Depths (4/5) D:15

Altars:
Ashenzari
Cheibriados
Dithmenos
Fedhas
Gozag
Hepliaklqana
Kikubaaqudgha
Makhleb
Nemelex Xobeh
Qazlal
Ru
Trog
Uskayaw
Vehumet
Wu Jian
Xom
Yredelemnul
Zin
The Shining One
Beogh
Jiyva
Lugonu

Shops:
D:7 ?   D:10 [   Orc:2 [:(*?   Snake:2 =   Snake:3 =(*:[   Vaults:1 }(:
Vaults:3 }   Vaults:4 }*(

Portals:
Hell: Lair:6 Depths:1 Depths:2 Depths:3 Depths:4
Abyss: Lair:3 Depths:1 Depths:2 Depths:4
Pandemonium: Depths:3
Ziggurat: Depths:3
Trove: Depths:1 (show abyssal rune of Zot)

Annotations:
D:5 exclusions: jelly and moth of wrath
D:7 Joseph
D:8 2 transporters, pokeman's ghost, novice DEWz
D:9 exclusions: 5 gnolls and gnoll sergeant
Lair:3 2 transporters, exclusions: hell hog and oklob plant, Peimeink's ghost, journeyman TrMo
Lair:4 exclusion: hydra
Vaults:5 exclusion: storm dragon, Mara
Depths:2 1 runed door, exclusion: 2 liches
Depths:4 exclusion: 2 oklob plants


Innate Abilities, Weirdness & Mutations

You have razor-sharp teeth.
You heal very quickly.
When hurt, damage is shared between your health and your magic reserves.
Your bite disrupts and absorbs the magic of your enemies.
Potions cannot restore your health.
You are immune to rotting.
You have sharp toenails.
You are partially covered in iridescent scales. (AC +2)
You are agile. (Dex +2)
You passively map a small area around you.


Message History

A slime creature comes into view.
The slime creature quivers.
You puncture the large slime creature! You claw the large slime creature.
You bite the large slime creature! You drain its power.
You feel invigorated.
Your shadow hits the large slime creature but does no damage.
MP restored: 34 You puncture the large slime creature!
You claw the large slime creature! You bite the large slime creature!
You drain its power.
A large slime creature splits.
You puncture the slime creature! You claw the slime creature.
You bite the slime creature!! You drain its power.
Your shadow hits the slime creature with a quick blade.
You puncture the slime creature!
You kill the slime creature!
Dithmenos accepts your kill.
You puncture the slime creature! Your kick misses the slime creature.
You bite the slime creature. You drain its power.
You block the slime creature's attack.
Health restored: 150 You puncture the slime creature!
Your kick misses the slime creature. You bite the slime creature.
You kill the slime creature!
Dithmenos accepts your kill.
You are splashed with acid!
You resist.
You emit a cloud of dark smoke.
Two slime creatures merge to form a large slime creature.
The slime creature hits you but does no damage.
You take 6 damage, and have 144/150 hp.
You now have 33/34 mp.
You puncture the slime creature! You claw the slime creature.
You bite the slime creature!! You drain its power.
You feel invigorated.
You are splashed with acid.
You resist. The slime creature misses you.
You take 1 damage, and have 143/150 hp.
MP restored: 34 You puncture the slime creature!
You claw the slime creature. You bite the slime creature!
You kill the slime creature!
Dithmenos accepts your kill.
You are splashed with acid.
You resist.
You take 2 damage, and have 141/150 hp.
You now have 33/34 mp.
You are splashed with acid!
You resist.
You emit a cloud of dark smoke.
You block the large slime creature's attack.
You take 10 damage, and have 131/150 hp.
You now have 31/34 mp.
You hit the large slime creature. You claw the large slime creature.
You bite the large slime creature! You drain its power.
You feel invigorated.
Your shadow hits the large slime creature with a quick blade.
You are splashed with acid.
You resist.
You take 3 damage, and have 128/150 hp.
You regained 2 mp, and now have 33/34 mp.
You puncture the large slime creature! You claw the large slime creature.
You bite the large slime creature!! You drain its power.
You feel invigorated.
You are splashed with acid.
You resist.
You take 2 damage, and have 126/150 hp.
You puncture the large slime creature!
You claw the large slime creature, but do no damage.
You bite the large slime creature. You drain its power.
You feel invigorated.
You are splashed with acid.
You resist.
You block the large slime creature's attack.
You take 3 damage, and have 123/150 hp.
MP restored: 34 You puncture the large slime creature!
You claw the large slime creature! You bite the large slime creature!
You drain its power.
You are splashed with acid.
You resist.
You take 3 damage, and have 120/150 hp.
You now have 33/34 mp.
You puncture the large slime creature! You claw the large slime creature.
You bite the large slime creature. You drain its power.
You feel invigorated.
You are splashed with acid.
You resist.
You take 2 damage, and have 118/150 hp.
You puncture the large slime creature!
You kill the large slime creature!
Dithmenos accepts your kill.
You are splashed with acid.
You resist.
You take 4 damage, and have 114/150 hp.
You now have 32/34 mp.
No target in view!
You are splashed with acid!!
You resist.
You take 14 damage, and have 100/150 hp.
You now have 29/34 mp.
You are splashed with acid!!
You resist.
You emit a cloud of dark smoke.
You take 16 damage, and have 84/150 hp.
You now have 24/34 mp.
You are splashed with acid!
You resist.
You take 7 damage, and have 77/150 hp.
You now have 21/34 mp.
You are splashed with acid!
You resist.
You emit a cloud of dark smoke.
You take 11 damage, and have 66/150 hp.
You now have 18/34 mp.
You are splashed with acid.
You resist.
You take 4 damage, and have 62/150 hp.
You are splashed with acid.
You resist.
You take 3 damage, and have 59/150 hp.
You now have 17/34 mp.
You are splashed with acid!
You resist.
You take 6 damage, and have 53/150 hp.
You now have 15/34 mp.
You are splashed with acid!
You resist.
* * * LOW HITPOINT WARNING * * *
You take 8 damage, and have 45/150 hp.
You now have 13/34 mp.
You are splashed with acid!!
You resist.
* * * LOW HITPOINT WARNING * * *
You emit a cloud of dark smoke.
You take 12 damage, and have 33/150 hp.
You now have 9/34 mp.
You are splashed with acid!!
You resist.
* * * LOW HITPOINT WARNING * * *
You take 17 damage, and have 16/150 hp.
You now have 4/34 mp.
You are splashed with acid!!
You resist.
You die...

...............##.......##
.......................##
.....................###
.........>.............#
........................#
* *
......#........###.#.#.##
, .....##.....#§## #######
...#.#......§§§#######* ,
* .............§§§@§§§§##
,, .....#.......§§#####§§#
....###...#.§§## #.§§§ , *
....##.....#.## ##§§# ,
....#.....##.### * #.## ,,
, , ...............#* ,...
* ,, ..........##....#
,#.# , ........######.##*
##. , * ........### *## *#


There were no monsters in sight!

Vanquished Creatures
  3 ancient liches
  Mennas (Depths:4)
  Saint Roka (Snake:4)
  Vashnia (Snake:2)
  A caustic shrike (shapeshifter) (Vaults:5)
  the Enchantress (Depths:2)
  A golden dragon (Vaults:5)
  3 liches
  Jorgrun (Swamp:1)
  3 tentacled monstrosities
  5 titans (Vaults:5)
  4 acid blobs
  A quicksilver dragon (Vaults:5)
  4 storm dragons
  Agnes (Snake:3)
  4 sphinxes
  4 tengu reavers
  3 thorn hunters
  4 shadow dragons
  Roxanne (Snake:1)
  An azure jelly (Slime:1)
  13 nagarajas
  The ghost of MrDNA the Warrior, a journeyman TrWr of Makhleb (Swamp:1)
  7 fire giants
  4 frost giants
  4 deep elf sorcerers
  An iron dragon (Vaults:5)
  3 orc warlords
  14 vault wardens
  A deep elf elementalist (Vaults:5)
  15 ironheart preservers
  A ghoul (Vaults:4)
  2 curse skulls
  3 spriggan defenders
  22 very ugly things
  23 stone giants
  A war gargoyle (Vaults:4)
  3 entropy weavers
  An entropy weaver (shapeshifter) (Vaults:5)
  5 deep elf demonologists
  A deep elf annihilator (Vaults:4)
  A vampire knight (Depths:3)
  A dire elephant (Lair:6)
  A lorocyproca (Depths:1)
  4 spark wasps (Depths:1)
  Snorg (Lair:6)
  A green death (Depths:3)
  11 fire dragons
  2 deep elf death magi
  13 ettins
  7 yaktaur captains
  8 great orbs of eyes
  3 deep elf high priests (Vaults:5)
  3 rakshasas
  5 spriggan air magi
  35 vault guards
  20 hydras
  10 naga warriors
  5 ice dragons
  3 ghost crabs
  21 anacondas
  13 centaur warriors
  4 shambling mangroves
  34 two-headed ogres
  2 death knights
  2 dancing weapons (D:14)
  8 alligators
  2 two-headed ogres (shapeshifter)
  7 death yaks
  4 deep troll earth magi
  7 tengu warriors
  11 ogre magi
  5 deep troll shamans
  Urug (Orc:2)
  A vampire mage (Depths:1)
  A spriggan berserker (Depths:3)
  15 naga sharpshooters
  3 deep elf knights
  5 soul eaters (Depths:2)
  2 orc high priests
  9 shock serpents
  A sun demon (Lair:6)
  An iron troll (Depths:2)
  A fire crab (Swamp:4)
  A salamander mystic (Snake:3)
  A hell knight (Vaults:5)
  A skeletal warrior (Vaults:4)
  3 flayed ghosts
  3 unseen horrors (Depths:1)
  14 deep trolls
  13 wizards
  3 spriggan druids
  7 phantasmal warriors
  3 glowing orange brains
  5 naga ritualists
  11 swamp dragons
  7 deep elf archers
  A shadow demon (Depths:1)
  5 necromancers
  A harpy (Vaults:3)
  A lindwurm (shapeshifter) (Vaults:5)
  16 ironbrand convokers
  13 orc knights
  An obsidian statue (Vaults:4)
  2 lindwurms
  A frost giant zombie (Vaults:1)
  5 oklob plants
  7 orc sorcerers
  2 human zombies
  10 cyclopes
  23 deep elf magi
  A shining eye (Slime:1)
  A manticore (D:11)
  5 salamanders
  A fire giant zombie (Vaults:4)
  2 wolf spiders
  9 mana vipers
  46 ugly things
  12 guardian serpents
  11 elephants
  A torpor snail (Lair:3)
  A frost giant skeleton (Vaults:5)
  45 black mambas
  13 vault sentinels
  18 naga magi
  A molten gargoyle (Depths:1)
  22 spiny frogs
  A gargoyle (D:13)
  6 rime drakes
  2 orange demons
  2 yaktaurs (shapeshifter)
  A smoke demon (Depths:3)
  27 yaktaurs
  3 yaktaur zombies (Vaults:4)
  A kobold demonologist (Depths:1)
  9 komodo dragons
  3 hellwings
  3 ice devils (Lair:6)
  8 freezing wraiths
  5 tengu conjurers
  2 human skeletons
  A red devil (Lair:6)
  3 jumping spiders
  8 trolls
  Prince Ribbit (D:9)
  A wolf spider simulacrum (D:14)
  18 hornets
  2 polar bears (shapeshifter)
  9 tyrant leeches
  A wind drake (shapeshifter) (Vaults:2)
  4 polar bears
  A queen bee (shapeshifter) (D:15)
  21 blink frogs
  A raiju (shapeshifter) (Depths:1)
  7 bog bodies
  70 slime creatures
  5 dream sheep (Lair:6)
  A fire giant simulacrum (Vaults:4)
  11 hippogriffs
  A frost giant simulacrum (Vaults:4)
  A flying skull (Vaults:2)
  4 redbacks
  A water elemental (Depths:1)
  14 spriggans
  2 wraiths
  3 shadows
  A spriggan (shapeshifter) (Vaults:2)
  3 wyverns
  2 humans
  A tarantella (shapeshifter) (Vaults:3)
  A steam dragon (Swamp:4)
  3 fire bats (Depths:1)
  3 basilisks
  26 yaks
  5 hungry ghosts
  8 small abominations (Depths:1)
  15 vampire mosquitoes
  5 wargs
  14 swamp worms
  12 insubstantial wisps
  4 acid dragons
  17 water moccasins
  5 hell hounds (Lair:6)
  A soldier ant (D:14)
  42 nagas
  9 porcupines
  63 orc warriors
  12 swamp drakes
  2 eyes of draining (Slime:1)
  An ice beast (D:5)
  5 large abominations
  2 necrophages (D:10)
  4 sky beasts
  2 black bears
  37 ogres
  13 wolves
  2 phantoms
  8 boggarts
  A wolf (shapeshifter) (Vaults:2)
  26 centaurs
  2 big kobolds (D:7)
  10 crocodiles
  15 bullfrogs
  A gnoll sergeant (D:9)
  A water moccasin zombie (D:9)
  A wyvern skeleton (D:10)
  A glowing shapeshifter simulacrum (Vaults:4)
  3 scorpions
  9 killer bees (D:8)
  3 human simulacra
  13 wights
  3 howler monkeys
  3 electric eels (D:9)
  10 crimson imps
  7 lava snakes (Snake:3)
  A bullfrog zombie (D:9)
  A quasit (D:11)
  5 centaur zombies
  10 hounds
  5 centaur skeletons
  2 jellies
  34 orc priests
  39 orc wizards
  Ijyb (D:3)
  3 iguanas
  Natasha (twice) (D:4)
  7 worker ants
  2 killer bee zombies (D:6)
  2 hound zombies
  A worker ant zombie (D:9)
  5 gnolls (D:9)
  9 adders
  7 shadow imps
  2 oozes
  An adder zombie (D:7)
  2 worms (D:3)
  4 dart slugs
  5 leopard geckos
  114 orcs
  7 bats
  3 giant cockroaches
  17 goblins
  11 hobgoblins
  7 jackals
  2 quokkas
  6 ball pythons
  4 frilled lizards
  9 kobolds
  A quokka skeleton (D:7)
  6 rats
1854 creatures vanquished.

Vanquished Creatures (others)
  Donald (Swamp:2)
  A hydra (Swamp:4)
  An anaconda (Snake:4)
  A swamp dragon (Swamp:4)
  A lindwurm (Swamp:4)
  A yaktaur (Depths:1)
  2 hornets (Swamp:2)
  A spriggan (Swamp:2)
  A steam dragon (Swamp:4)
  An orc warrior (Vaults:4)
  4 swamp drakes (Swamp:4)
  An ogre (Vaults:5)
  An orc priest (Orc:2)
  An orc (Orc:2)
  7 fungi
  15 plants
40 creatures vanquished.

Grand Total: 1894 creatures vanquished

Notes
Turn   | Place    | Note
-------+----------+-------------------------------------------
     0 | D:1      | Firecrotchwizard the Vine Stalker Assassin began the quest
                  | for the Orb.
     0 | D:1      | Reached XP level 1. HP: 11/11 MP: 2/2
   144 | D:1      | Reached skill level 2 in Short Blades
   235 | D:1      | You fall into a shaft and drop 1 floor!
   262 | D:2      | Reached skill level 2 in Fighting
   262 | D:2      | Reached skill level 5 in Stealth
   262 | D:2      | Reached XP level 2. HP: 15/15 MP: 3/3
   902 | D:2      | Reached XP level 3. HP: 18/18 MP: 4/4
  1346 | D:2      | Found a bloodstained altar of Trog.
  1700 | D:3      | Found an ornate altar of the Wu Jian Council.
  1728 | D:3      | Reached skill level 3 in Short Blades
  1749 | D:3      | Gained mutation: Your natural rate of healing is unusually
                  | fast. [Vine Stalker growth]
  1749 | D:3      | Reached XP level 4. HP: 22/23 MP: 5/5
  1980 | D:3      | Found a stormy altar of Qazlal.
  1981 | D:3      | Found a shattered altar of Ashenzari.
  2083 | D:3      | Noticed Ijyb
  2144 | D:3      | HP: 2/23 [Ijyb/+0 mace (4)]
  2145 | D:3      | Killed Ijyb
  2145 | D:3      | Reached XP level 5. HP: 3/27 MP: 2/6
  2588 | D:3      | Found a hazy altar of Hepliaklqana.
  2818 | D:4      | Noticed Natasha
  2843 | D:3      | Reached skill level 6 in Stealth
  2928 | D:3      | Reached skill level 3 in Fighting
  2928 | D:3      | Reached skill level 4 in Short Blades
  2945 | D:4      | Reached XP level 6. HP: 32/32 MP: 7/7
  3106 | D:4      | Found a sacrificial altar of Ru.
  3126 | D:4      | Killed Natasha
  3131 | D:4      | Found a glowing silver altar of Zin.
  3132 | D:4      | Found a burning altar of Makhleb.
  3133 | D:4      | Noticed an angel
  3135 | D:4      | Noticed a cacodemon
  3185 | D:4      | Noticed Natasha
  3196 | D:4      | Killed Natasha
  3234 | D:4      | Found a staircase to the Ecumenical Temple.
  3246 | Temple   | Entered the Ecumenical Temple
  3283 | Temple   | Became a worshipper of Dithmenos the Shadowed
  3347 | D:4      | Found a blossoming altar of Fedhas.
  3490 | D:5      | Entered Level 5 of the Dungeon
  3505 | D:5      | Got a sheer robe
  3516 | D:5      | Identified the +2 robe of Least Resistance {rF+} (You found
                  | it on level 5 of the Dungeon)
  3546 | D:5      | Reached XP level 7. HP: 36/36 MP: 8/8
  3602 | D:5      | Reached skill level 5 in Short Blades
  3735 | D:5      | Reached skill level 7 in Stealth
  3776 | D:5      | Found an opulent altar of Gozag.
  3828 | D:5      | Reached skill level 4 in Fighting
  3875 | D:5      | Noticed a moth of wrath
  3878 | D:5      | Found a bloodstained altar of Trog.
  4055 | D:5      | Gained mutation: You have razor-sharp teeth. [Vine Stalker
                  | growth]
  4055 | D:5      | Reached XP level 8. HP: 42/42 MP: 9/9
  4110 | D:5      | Reached skill level 6 in Short Blades
  4317 | D:5      | Found a basalt altar of Yredelemnul.
  4319 | D:5      | Found a radiant altar of Vehumet.
  4828 | D:6      | Reached skill level 8 in Stealth
  5088 | D:6      | Reached * piety under Dithmenos
  5088 | D:6      | Reached skill level 7 in Short Blades
  5115 | D:6      | Reached skill level 5 in Fighting
  5680 | D:7      | Found a glowing golden altar of the Shining One.
  5689 | D:7      | Noticed Joseph
  5867 | D:7      | Reached XP level 9. HP: 45/47 MP: 8/10
  5915 | D:7      | Found Juyxivap's Magic Scroll Shop.
  5918 | D:7      | Bought a scroll of blinking for 90 gold pieces
  5918 | D:7      | Bought a scroll of teleportation for 36 gold pieces
  5918 | D:7      | Bought a scroll of blinking for 90 gold pieces
  5984 | D:7      | Reached skill level 9 in Stealth
  6337 | D:7      | Reached skill level 8 in Short Blades
  6404 | D:7      | Reached ** piety under Dithmenos
  6450 | D:7      | Noticed a two-headed ogre
  6451 | D:7      | Found the +7 Singing Sword {vorpal, sonic wave}
  6452 | D:7      | Killed a two-headed ogre
  6452 | D:7      | Reached skill level 6 in Fighting
  6455 | D:7      | Reached skill level 9 in Short Blades
  6455 | D:7      | Reached skill level 10 in Stealth
  6484 | D:7      | Reached XP level 10. HP: 51/53 MP: 11/11
  6808 | D:8      | Noticed pokeman's ghost (novice DEWz)
  6810 | D:8      | Found a transporter.
  6815 | D:8      | Found a transporter.
  7765 | D:9      | Found a staircase to the Lair.
  7806 | D:9      | Reached skill level 7 in Fighting
  7867 | D:9      | Reached *** piety under Dithmenos
  7873 | D:9      | Reached skill level 10 in Short Blades
  7910 | D:9      | Reached skill level 11 in Stealth
  7941 | D:9      | Noticed a centaur warrior
  7950 | D:9      | HP: 8/55 [centaur warrior (9)]
  7953 | D:9      | Killed a centaur warrior
  7957 | D:9      | HP: 4/56 [electric eel/bolt of electricity (3)]
  8060 | D:9      | Reached skill level 8 in Fighting
  8142 | D:9      | Noticed a two-headed ogre
  8168 | D:9      | Killed a two-headed ogre
  8168 | D:9      | Reached skill level 12 in Stealth
  8168 | D:9      | Reached XP level 11. HP: 45/60 MP: 8/12
  8278 | D:9      | Found a snail-covered altar of Cheibriados.
  8593 | D:9      | Noticed Prince Ribbit
  8602 | D:9      | Killed Prince Ribbit
  8863 | Lair:1   | Entered Level 1 of the Lair of Beasts
  9018 | Lair:1   | Noticed a six-headed hydra
  9056 | Lair:1   | Killed a six-headed hydra
  9056 | Lair:1   | Reached skill level 9 in Fighting
  9056 | Lair:1   | Reached skill level 1 in Shields
  9191 | Lair:1   | Reached skill level 13 in Stealth
  9306 | Lair:1   | Reached skill level 2 in Shields
  9485 | Lair:1   | Reached skill level 3 in Shields
  9518 | Lair:1   | Reached **** piety under Dithmenos
  9893 | Lair:1   | Reached skill level 1 in Invocations
  9938 | Lair:2   | Found a staircase to the Snake Pit.
 10112 | Lair:2   | Reached skill level 2 in Invocations
 10132 | Lair:2   | Reached skill level 4 in Shields
 10351 | Lair:2   | Reached skill level 3 in Invocations
 10351 | Lair:2   | Gained mutation: You heal very quickly. [Vine Stalker
                  | growth]
 10351 | Lair:2   | Reached XP level 12. HP: 46/67 MP: 12/15
 10386 | Lair:2   | Reached skill level 10 in Fighting
 10447 | Lair:2   | Reached skill level 4 in Invocations
 10924 | Lair:3   | Reached skill level 5 in Invocations
 10963 | Lair:3   | Found a shadowy altar of Dithmenos.
 11062 | Lair:3   | Reached ***** piety under Dithmenos
 11095 | Lair:3   | Identified the +5 trident of Gluttony {distort, rF- Str+6
                  | SInv}
 11095 | Lair:3   | Noticed a spriggan rider
 11107 | Lair:3   | Noticed a hell hog
 11134 | Lair:3   | Reached skill level 6 in Invocations
 11158 | Lair:3   | Reached skill level 11 in Fighting
 11187 | Lair:3   | Identified Sif Muna's Volume of the Glacier
 11226 | Lair:3   | Noticed a five-headed hydra
 11243 | Lair:3   | Killed a five-headed hydra
 11346 | Lair:3   | Noticed a death yak
 11347 | Lair:3   | Noticed a death yak
 11347 | Lair:3   | Noticed a death yak
 11369 | Lair:3   | Noticed a death yak
 11383 | Lair:2   | Killed a death yak
 11409 | Lair:2   | Killed a death yak
 11409 | Lair:2   | Reached skill level 7 in Invocations
 11520 | Lair:3   | Found a transporter.
 11532 | Lair:3   | Noticed a thrashing horror
 11561 | Lair:3   | Found a one-way gate to the infinite horrors of the Abyss.
 11562 | Lair:3   | Found a transporter.
 11572 | Lair:3   | Noticed Peimeink's ghost (journeyman TrMo)
 11707 | Lair:3   | Killed a death yak
 11733 | Lair:3   | HP: 17/70 [death yak (5)]
 11745 | Lair:3   | Killed a death yak
 11956 | Lair:4   | Reached XP level 13. HP: 71/74 MP: 19/19
 12035 | Lair:4   | Reached skill level 8 in Invocations
 12202 | Lair:4   | Reached skill level 12 in Fighting
 12276 | Lair:4   | Found a frozen archway.
 12471 | Lair:4   | Found a staircase to the Swamp.
 12783 | Lair:5   | Reached skill level 9 in Invocations
 12998 | Lair:5   | Reached skill level 1 in Armour
 13140 | Lair:5   | Reached skill level 2 in Armour
 13298 | Lair:5   | You fall into a shaft and drop 1 floor!
 13298 | Lair:6   | Entered Level 6 of the Lair of Beasts
 13623 | Lair:6   | Reached skill level 3 in Armour
 13680 | Lair:6   | Reached skill level 10 in Invocations
 13755 | Lair:6   | Noticed Snorg
 14766 | Lair:6   | Reached skill level 13 in Fighting
 14812 | Lair:6   | Reached XP level 14. HP: 58/82 MP: 22/22
 14877 | Lair:6   | Reached skill level 4 in Armour
 14949 | Lair:6   | HP: 8/82 [komodo dragon (14)]
 14957 | Lair:6   | HP: 11/82 [dream sheep (2)]
 14961 | Lair:6   | Reached skill level 14 in Stealth
 15162 | Lair:6   | Found a viscous altar of Jiyva.
 15162 | Lair:6   | Found a staircase to the Slime Pits.
 15515 | Lair:6   | Reached ****** piety under Dithmenos
 15645 | Lair:6   | Killed Snorg
 15788 | Lair:6   | Reached skill level 5 in Armour
 15892 | Lair:6   | Noticed a dire elephant
 15893 | Lair:6   | Reached skill level 15 in Stealth
 15898 | Lair:6   | Killed a dire elephant
 15915 | Lair:6   | Reached skill level 11 in Invocations
 15938 | Lair:6   | Found a burning altar of Makhleb.
 16043 | Lair:6   | HP: 16/82 [ice devil (6)]
 16217 | Lair:6   | Found a gateway to Hell.
 16489 | D:10     | Entered Level 10 of the Dungeon
 16508 | D:10     | Found a stormy altar of Qazlal.
 16709 | D:10     | Found Luffo's Armour Shop.
 16811 | D:10     | Got a twitching jade amulet
 16841 | D:10     | Identified the amulet "Vuibri" {Reflect Str+4 Dex+5 SH+2}
                  | (You found it on level 10 of the Dungeon)
 17152 | D:11     | Got a fine silver amulet
 17980 | D:12     | Found a staircase to the Orcish Mines.
 18256 | D:12     | Identified the amulet of the Frog {Inacc +Blink Int+4
                  | Dex+3} (You found it on level 11 of the Dungeon)
 18288 | D:12     | Reached skill level 16 in Stealth
 18560 | D:12     | Found a shadowy altar of Dithmenos.
 18876 | D:13     | Identified a scroll of acquirement
 18876 | D:13     | Identified the +4 rapier of Johen {flame, *Rage rF+ Str+4
                  | Stlth+} (You acquired it on level 13 of the Dungeon)
 18939 | D:13     | Reached skill level 6 in Armour
 19038 | D:13     | Reached XP level 15. HP: 87/87 MP: 24/24
 19561 | D:14     | Reached skill level 17 in Stealth
 19567 | D:14     | Reached skill level 14 in Fighting
 19658 | D:14     | Reached skill level 12 in Invocations
 19870 | D:14     | Found a gate to the Vaults.
 20227 | D:15     | Entered Level 15 of the Dungeon
 20314 | D:15     | Reached skill level 7 in Armour
 20561 | D:15     | Found a staircase to the Depths.
 20568 | D:15     | Reached skill level 18 in Stealth
 21071 | Orc:1    | Entered Level 1 of the Orcish Mines
 21622 | Orc:2    | Entered Level 2 of the Orcish Mines
 21945 | Orc:2    | Found Osaff's Magic Scroll Boutique.
 22076 | Orc:2    | Gained mutation: Your body sometimes deteriorates upon
                  | taking damage. [a neqoxec]
 22260 | Orc:2    | Found a roughly hewn altar of Beogh.
 22261 | Orc:2    | Noticed an orc warlord
 22263 | Orc:2    | Noticed Urug
 22360 | Orc:2    | Reached XP level 16. HP: 80/93 MP: 26/26
 22423 | Orc:2    | Killed Urug
 22469 | Orc:2    | HP: 22/93 [orc warlord/+0 vorpal bardiche (2)]
 22782 | Orc:2    | Found Keoddaq's Antique Weapon Shoppe.
 22789 | Orc:2    | Reached skill level 8 in Armour
 22797 | Orc:2    | Found Birch's General Store.
 22815 | Orc:2    | Found Xefy's Antique Armour Shoppe.
 22858 | Orc:2    | Bought the +2 buckler of the Lair of Beasts {+Fly rElec}
                  | for 489 gold pieces
 22858 | Orc:2    | Bought a scroll of identify for 32 gold pieces
 22858 | Orc:2    | Bought a scroll of identify for 32 gold pieces
 22889 | Orc:2    | Found a staircase to the Elven Halls.
 22912 | Orc:2    | Found a roughly hewn altar of Beogh.
 22948 | Orc:2    | Found Qenag's Book Shoppe.
 23008 | Orc:2    | Found a roughly hewn altar of Beogh.
 23349 | Orc:2    | Bought a scroll of enchant weapon for 105 gold pieces
 23349 | Orc:2    | Bought 2 scrolls of acquirement for 1456 gold pieces
 23349 | Orc:2    | Bought a scroll of enchant weapon for 105 gold pieces
 23349 | Orc:2    | Bought a scroll of teleportation for 42 gold pieces
 23349 | Orc:2    | Bought a scroll of teleportation for 42 gold pieces
 23349 | Orc:2    | Identified the ring "Osmicun" {Ice Int+5} (You acquired it
                  | on level 2 of the Orcish Mines)
 23350 | Orc:2    | Identified the ring of Ubeaq {+Fly rPois Int+4} (You
                  | acquired it on level 2 of the Orcish Mines)
 23566 | Orc:1    | Reached skill level 19 in Stealth
 23603 | Orc:1    | HP: 20/93 [orc priest/divine providence (6)]
 23830 | Orc:1    | Found a roughly hewn altar of Beogh.
 24016 | Orc:2    | Reached skill level 13 in Invocations
 24669 | Swamp:1  | Entered Level 1 of the Swamp
 24718 | Swamp:1  | Reached skill level 15 in Fighting
 24749 | Swamp:1  | Reached skill level 1 in Evocations
 24833 | Swamp:1  | Found a runed translucent door.
 25186 | Swamp:1  | Reached skill level 2 in Evocations
 25469 | Swamp:1  | Noticed MrDNA's ghost (journeyman TrWr)
 25469 | Swamp:1  | Identified the +4 trident "Puxaneasa" {flame, rF+ SInv}
 25787 | Swamp:2  | Noticed a thorn hunter
 25971 | Swamp:1  | Killed a thorn hunter
 25971 | Swamp:1  | Reached skill level 20 in Stealth
 25993 | Swamp:2  | Noticed Jorgrun
 26177 | Swamp:1  | Killed Jorgrun
 26177 | Swamp:1  | Reached skill level 3 in Evocations
 26202 | Swamp:2  | Noticed Donald
 26215 | Swamp:2  | Killed Donald
 26215 | Swamp:2  | Reached skill level 9 in Armour
 26828 | Swamp:2  | Lost mutation: Your body sometimes deteriorates upon taking
                  | damage. [potion of mutation]
 26828 | Swamp:2  | Gained mutation: You are partially covered in iridescent
                  | scales. (AC +2) [potion of mutation]
 26828 | Swamp:2  | Gained mutation: You passively map a small area around you.
                  | [potion of mutation]
 26828 | Swamp:2  | Gained mutation: You are agile. (Dex +2) [potion of
                  | mutation]
 26828 | Swamp:2  | Gained mutation: You have sharp toenails. [potion of
                  | mutation]
 27025 | Swamp:3  | Reached XP level 17. HP: 100/100 MP: 27/27
 27034 | Swamp:3  | Reached skill level 4 in Evocations
 27337 | Swamp:3  | Reached skill level 16 in Fighting
 27791 | Swamp:4  | Entered Level 4 of the Swamp
 27964 | Swamp:4  | Reached skill level 5 in Evocations
 28370 | Swamp:4  | Reached skill level 10 in Armour
 28658 | Swamp:4  | Reached skill level 6 in Evocations
 28840 | Swamp:4  | Got a decaying rune of Zot
 29012 | Swamp:1  | Killed MrDNA's ghost
 29249 | Snake:1  | Entered Level 1 of the Snake Pit
 29361 | Snake:1  | Reached skill level 17 in Fighting
 29536 | Snake:1  | Identified Roxanne's Collected Works on Clay
 29536 | Snake:1  | Noticed Roxanne
 29572 | Snake:1  | Killed Roxanne
 29807 | Snake:2  | Noticed Vashnia
 29925 | Snake:2  | Killed Vashnia
 29925 | Snake:2  | Reached skill level 7 in Evocations
 29940 | Snake:1  | Reached XP level 18. HP: 97/108 MP: 28/28
 30170 | Snake:2  | Found Edghon's Jewellery Emporium.
 30352 | Snake:2  | Reached skill level 11 in Armour
 30526 | Snake:2  | Reached skill level 8 in Evocations
 30697 | Snake:3  | Found Weemor's General Store.
 30703 | Snake:3  | Found Zafuux's Antique Weapon Shoppe.
 30816 | Snake:3  | Bought a scroll of teleportation for 45 gold pieces
 30816 | Snake:3  | Bought a scroll of teleportation for 45 gold pieces
 30832 | Snake:3  | Found Vuufeiff's Book Shop.
 30861 | Snake:3  | Reached skill level 18 in Fighting
 31038 | Snake:3  | Found Fochida's Antique Armour Shop.
 31080 | Snake:3  | Noticed Agnes
 31106 | Snake:3  | Killed Agnes
 31250 | Snake:3  | Found Qael's Jewellery Shop.
 31344 | Snake:4  | Entered Level 4 of the Snake Pit
 31814 | Snake:4  | Reached skill level 9 in Evocations
 32681 | Snake:4  | Reached XP level 19. HP: 90/114 MP: 29/29
 32733 | Snake:4  | Reached skill level 12 in Armour
 32735 | Snake:4  | Noticed Saint Roka
 32771 | Snake:4  | HP: 28/114 [guardian serpent (2)]
 32777 | Snake:4  | HP: 19/114 [black mamba (1)]
 32786 | Snake:4  | HP: 17/114 [poisoned by a guardian serpent (bolt of
                  | poison)]
 32793 | Snake:4  | HP: 12/114 [poisoned by a guardian serpent (bolt of
                  | poison)]
 32802 | Snake:4  | HP: 8/114 [poisoned by a guardian serpent (bolt of poison)]
 32806 | Snake:4  | Killed Saint Roka
 32808 | Snake:4  | HP: 10/115 [poisoned by a guardian serpent (bolt of
                  | poison)]
 32815 | Snake:4  | HP: 12/115 [poisoned by a guardian serpent (bolt of
                  | poison)]
 32820 | Snake:4  | HP: 11/115 [poisoned by a nagaraja (bolt of poison)]
 32825 | Snake:4  | HP: 10/115 [poisoned by a nagaraja (bolt of poison)]
 32830 | Snake:4  | HP: 8/115 [poisoned by a nagaraja (bolt of poison)]
 32835 | Snake:4  | HP: 9/115 [poisoned by a nagaraja (bolt of poison)]
 32840 | Snake:4  | HP: 9/115 [poisoned by a nagaraja (bolt of poison)]
 32846 | Snake:4  | HP: 11/115 [poisoned by a nagaraja (bolt of poison)]
 32851 | Snake:4  | HP: 15/115 [poisoned by a nagaraja (bolt of poison)]
 32856 | Snake:4  | HP: 18/115 [poisoned by a nagaraja (bolt of poison)]
 32864 | Snake:4  | HP: 25/115 [poisoned by a nagaraja (bolt of poison)]
 33014 | Snake:4  | Reached skill level 10 in Evocations
 33704 | Snake:4  | Got a serpentine rune of Zot
 34036 | Vaults:1 | Entered Level 1 of the Vaults
 34301 | Vaults:1 | Reached skill level 19 in Fighting
 34410 | Vaults:1 | Reached skill level 11 in Evocations
 34595 | Vaults:1 | Found Vifits's Gadget Boutique.
 34601 | Vaults:1 | Bought a wand of acid (8) for 264 gold pieces
 34635 | Vaults:1 | Identified the +5 plate armour of Fun {rN+ rCorr Slay+2}
                  | (You found it on level 1 of the Vaults)
 34864 | Vaults:1 | Found Kuheur's Antique Weapon Shoppe.
 35036 | Vaults:1 | Found Ipteden's Book Boutique.
 35175 | Vaults:2 | Paralysed by a great orb of eyes for 7 turns
 35189 | Vaults:2 | Reached skill level 13 in Armour
 35193 | Vaults:2 | HP: 27/116 [ettin/+0 dire flail (8)]
 35206 | Vaults:1 | HP: 22/116 [ettin/+0 dire flail (10)]
 35414 | Vaults:2 | Reached XP level 20. HP: 113/121 MP: 30/30
 35587 | Vaults:2 | Found a staircase to the Crypt.
 35662 | Vaults:2 | Identified the amulet "Vaaj" {Gourm rF+}
 35694 | Vaults:2 | HP: 26/121 [vault guard/+0 vorpal battleaxe (16)]
 35696 | Vaults:2 | HP: 10/121 [two-headed ogre/+0 giant club (6)]
 35708 | Vaults:2 | HP: 7/121 [ironbrand convoker/+0 morningstar (8)]
 36068 | Vaults:2 | Reached skill level 12 in Evocations
 36081 | Vaults:2 | HP: 30/121 [tengu reaver/bolt of magma (8)]
 36082 | Vaults:2 | HP: 13/121 [fire dragon/blast of flame (17)]
 36088 | Vaults:2 | HP: 13/121 [fire dragon (1)]
 36096 | Vaults:2 | HP: 15/121 [tengu reaver/+3 dire flail of protection (1)]
 36105 | Vaults:2 | HP: 17/121 [freezing wraith (1)]
 36108 | Vaults:2 | HP: 6/121 [freezing wraith (3)]
 36132 | Vaults:2 | HP: 21/121 [fire giant/fireball (1)]
 36592 | Vaults:2 | Identified the amulet of Vouh Untaip {RegenMP rC- MR+++
                  | Int+4 Dex-4}
 36664 | Vaults:2 | Learned a level 1 spell: Summon Butterflies
 37162 | Vaults:3 | Reached skill level 14 in Armour
 37333 | Vaults:3 | Reached skill level 1 in Dodging
 37333 | Vaults:3 | Reached XP level 21. HP: 127/127 MP: 31/31
 37602 | Vaults:3 | Reached skill level 20 in Fighting
 37619 | Vaults:3 | Reached skill level 2 in Dodging
 37619 | Vaults:3 | Reached skill level 13 in Evocations
 37730 | Vaults:3 | Found Ruitut's Gadget Emporium.
 38018 | Vaults:3 | Reached skill level 3 in Dodging
 38388 | Vaults:3 | Identified the +5 ring mail "Guiwne" {Stlth+}
 38812 | Vaults:4 | Reached skill level 4 in Dodging
 39020 | Vaults:4 | Found Gon Aptagrol's Antique Weapon Shoppe.
 39594 | Vaults:4 | Found Pimeaf's Gadget Shoppe.
 39602 | Vaults:4 | Found Puacw's General Store.
 39605 | Vaults:4 | Bought a wand of acid (6) for 300 gold pieces
 39605 | Vaults:4 | Bought a wand of clouds (8) for 540 gold pieces
 39605 | Vaults:4 | Bought a wand of clouds (3) for 315 gold pieces
 39605 | Vaults:4 | Bought a wand of acid (9) for 390 gold pieces
 39926 | Vaults:4 | Reached skill level 5 in Dodging
 40547 | Depths:1 | Entered Level 1 of the Depths
 40700 | Depths:1 | Reached skill level 14 in Evocations
 40882 | Depths:1 | Reached skill level 6 in Dodging
 40954 | Depths:1 | Reached XP level 22. HP: 123/134 MP: 33/33
 41116 | Depths:1 | Found a portal to a secret trove of treasure.
 41277 | Depths:1 | Reached skill level 7 in Dodging
 41801 | Depths:1 | Reached skill level 21 in Fighting
 42032 | Depths:2 | Found the +3 warlock's mirror {reflect}
 42076 | Depths:2 | Reached skill level 8 in Dodging
 42471 | Depths:2 | Found a runed door.
 42818 | Depths:3 | Reached skill level 9 in Dodging
 42999 | Depths:3 | Found a one-way gate leading to the halls of Pandemonium.
 43125 | Depths:3 | Found a gateway to a ziggurat.
 43147 | Depths:3 | Noticed the Enchantress
 43300 | Depths:2 | Killed the Enchantress
 43342 | Depths:2 | HP: 31/135 [spriggan defender/+7 quick blade[the
                  | Enchantress] (12)]
 43818 | Depths:3 | Noticed an ancient lich
 43831 | Depths:3 | Killed an ancient lich
 43831 | Depths:3 | Reached XP level 23. HP: 141/141 MP: 34/34
 43845 | Depths:3 | Reached skill level 10 in Dodging
 44028 | Depths:3 | Noticed an ancient lich
 44069 | Depths:3 | Killed an ancient lich
 44475 | Depths:4 | Reached skill level 22 in Fighting
 44557 | Depths:4 | Reached skill level 11 in Dodging
 45011 | Depths:4 | Found a corrupted altar of Lugonu.
 45182 | Depths:4 | Noticed Mennas
 45211 | Depths:4 | Killed Mennas
 45760 | Vaults:4 | Upgraded the game from 0.25-a0-549-g6e6e650 to
                  | 0.25-a0-558-g78a2afb
 46737 | D:9      | Got an iridescent war axe
 47051 | Vaults:5 | Entered Level 5 of the Vaults
 47222 | Vaults:4 | Reached skill level 12 in Dodging
 47375 | Vaults:5 | Reached XP level 24. HP: 102/148 MP: 34/34
 47594 | Vaults:5 | Got a smoking mace
 47636 | Vaults:5 | Noticed a caustic shrike
 47637 | Vaults:5 | a caustic shrike changed into an iron dragon
 47655 | Vaults:5 | Noticed a caustic shrike
 47655 | Vaults:5 | an iron dragon changed into a caustic shrike
 47662 | Vaults:5 | a caustic shrike changed into a golden dragon
 47665 | Vaults:5 | Noticed a caustic shrike
 47665 | Vaults:5 | a golden dragon changed into a caustic shrike
 47680 | Vaults:5 | Killed a caustic shrike
 48018 | Vaults:5 | Reached skill level 23 in Fighting
 48471 | Vaults:5 | Got a silver rune of Zot
 48617 | Vaults:5 | Noticed Mara
 48762 | Vaults:5 | Noticed an ancient lich
 48828 | Vaults:5 | Killed an ancient lich
 49094 | Vaults:5 | Reached skill level 15 in Armour
 49113 | Vaults:5 | Noticed Firecrotchwizard's illusion
 49548 | Slime:1  | Entered Level 1 of the Pits of Slime
 50038 | Slime:1  | HP: 31/150 [acid (14)]
 50039 | Slime:1  | HP: 15/150 [acid (18)]
 50040 | Slime:1  | Splashed with acid

Levels and vault maps discovered:
D:1:      giann_horns, layout_loops_ring, solitary_fountain
D:2:      layout_basic, trog_butcher_becter
D:3:      kennysheep_goblin_castle, layout_basic, marbit_many_paths,
          amethyst_overflow_temple_binary, old_standard_altar
D:4:      layout_rooms, grunt_temple_overflow_order_and_chaos_2,
          old_standard_altar, temple_fountains, first_ration,
          nicolae_ru_path_of_blood, uniq_ijyb, uniq_natasha
D:5:      layout_basic, tgw_trog, minitemple, grunt_gozag_breadcrumbs
D:6:      layout_basic
D:7:      minmay_the_grid_square_5x5_3x3 [minmay_the_grid_square_5x5_slash,
          minmay_the_grid_square_5x5_mess,
          minmay_the_grid_square_5x5_intrusive_squares,
          minmay_the_grid_square_5x5_minivault,
          minmay_the_grid_square_5x5_megaprize_crossed,
          minmay_the_grid_square_5x5_inner_v,
          minmay_the_grid_square_5x5_one_wall,
          minmay_the_grid_square_5x5_shrine2, minmay_the_grid_square_5x5_v],
          layout_gridville, overflow_temple_1_default, serial_shops,
          kennysheep_mini, uniq_joseph
D:8:      layout_basic, gammafunk_ghost_smash
D:9:      layout_layer_cave, cheibriados_altar_1, erik_lair_island,
          uniq_prince_ribbit1
D:10:     layout_big_octagon, basic_altar, serial_shops,
          nicolae_shop_waterfront, hangedman_stone_soup,
          eino_small_chamber_without_monster
D:11:     layout_roguey, minmay_misc_feat_columns
D:12:     layout_stronghold, erik_orc_4, nicolae_dithmenos_the_darkroom
D:13:     layout_gridville
D:14:     layout_roguey, erik_vaults_1, chequers_serial_rivers_room_b,
          chequers_serial_rivers_small_b, hangedman_decor_clover_reticule
D:15:     hangedman_depths_entry_civil_slaughter, layout_basic
Temple:   compressed_dpeg_circular_temple
Lair:1:   layout_misc_corridors
Lair:2:   layout_roguey, guppyfry_snake_entry_island, nzn_random_ring,
          grunt_megastairs_3
Lair:3:   minmay_lair_oklob_tunnel, layout_loops_ring, basic_altar,
          gammafunk_ghost_abyssal_escape
Lair:4:   layout_hall_layers, swamp_mist_pool, portal_ice_cave_rime,
          hibernation_bobbens
Lair:5:   layout_small_grid, chequers_serial_rivers_micro_e, beast_lair_carwin_6
Lair:6:   evil_forest, layout_cave_pods, dpeg_slime_entry_enclosed_altar,
          minmay_lair_oklob_chamber, uniq_snorg
Swamp:1:  layout_falls_marsh, ebering_ghost_funeral_grove, serial_swamp_ruin,
          evilmike_swamp_ruin_rubble_2, evilmike_swamp_ruin_house_1,
          hangedman_swamp_ruin_wall
Swamp:2:  layout_basic_swamp, evilmike_swamp_ruin_house_5, uniq_jorgrun,
          uniq_donald
Swamp:3:  layout_basic_swamp, evilmike_swamp_ruin_house_4, lightli_tree_ring
Swamp:4:  swamp_fiery, layout_basic_swamp
Snake:1:  layout_misc_corridors, drop_trap, uniq_roxanne
Snake:2:  layout_cave_shapes, serial_shops, shop, st_stairs_4, uniq_vashnia
Snake:3:  layout_rooms, serial_shops, shop_statue, shop, shop,
          nicolae_shop_statue_plus, nicolae_shop_crystal, st_stairs_8,
          nicolae_snake_lava_pool, uniq_agnes
Snake:4:  grunt_snake_rune_serpentine_throne, layout_chambers,
          grunt_megastairs_1, uniq_saint_roka
Slime:1:  layout_caves, nicolae_slime_phagocytosis
Orc:1:    orc_temple, layout_diamond_mine
Orc:2:    grunt_orc_cross, layout_diamond_mine, serial_shops, shop_fountains,
          hangedman_feature_mirror
Vaults:1: v_misc_5, v_misc_1, vaults_dpeg_diagonal, nicolae_vaults_triangles,
          v_misc_18, v_alt_pattern_1, ontoclasm_vaults_decontamination,
          grunt_vaults_hallway_short, ontoclasm_vaults_ligature,
          nicolae_vaults_specimen_jars, grunt_vaults_hallway_short,
          layout_vaults_big_room, serial_shops, nicolae_shop_behind_doors, shop,
          nicolae_shop_crystal
Vaults:2: hangedman_vaults_maws, v_misc_30, st_greater_box_1, v_misc_16,
          nicolae_vaults_what_the_h, vaults_standard_mumra_lines,
          vaults_dpeg_ring, ontoclasm_vaults_shuriken, dpeg_vaults_monster_row,
          minmay_crypt_entry_simple_plaza, v_misc_24, hangedman_vaults_impose,
          layout_vaults_maze
Vaults:3: nicolae_vaults_network_star, ontoclasm_vaults_idyll,
          nicolae_vaults_big_angled_halls, v_misc_22, v_alt_pattern_2,
          vaults_standard_mumra_x, nicolae_vaults_border_crossing,
          vaults_room_fours, vaults_room_fours, grunt_vaults_focal,
          nicolae_vaults_circle_grid_a, layout_vaults_omnicross, serial_shops,
          nicolae_shop_crystal
Vaults:4: vaults_dpeg_spiral, nicolae_vaults_theta, v_misc_24,
          nicolae_vaults_little_squares_4, v_misc_12,
          nicolae_vaults_network_barrier, hangedman_vaults_corner_blocks,
          ontoclasm_vaults_pinch, nicolae_vaults_statue_guard,
          vaults_room_corners, dpeg_vaults_monster_box, layout_vaults_quadrants,
          serial_shops, shop, nicolae_shop_waterfront, shop
Vaults:5: uniq_mara
Depths:1: cheibrodos_leafed_vault, layout_cave_pools, pf_coc_iceberg,
          grunt_decor_clamped, minmay_room_of_horrors, enter_trove_0, drop_trap,
          nrook_kobold_shadow_demons
Depths:2: evilmike_wizard_prison, layout_cave_shapes,
          minmay_staircase_windowed_large, hell_entry,
          hangedman_abyss_entry_splay, minmay_mirror_moons_of_madness
Depths:3: minmay_tri_stars, layout_cave_pools, enter_ziggurat_d,
          pf_hell_entry_great_geh, rand_demon_pan_entry_9, minmay_holes,
          uniq_enchantress
Depths:4: dpeg_oklob_gauntlet, layout_gridville, hangedman_decor_diamond_cutter,
          pf_hell_entry_tar_spiral, abyss_entry_flame_altar,
          minmay_staircase_statues, uniq_mennas

Skill      XL: |  1  2  3  4  5  6  7  8  9 10 11 12 13 14 15 16 17 18 19 20 21 22 23 24 |
---------------+-------------------------------------------------------------------------+-----
Short Blades   | 2 3 4 5 7 9 10 | 10.0
Fighting       | 2 3 4 5 6 8 9 11 13 14 15 17 18 19 20 21 22 23 | 23.5
Stealth        | 5 6 7 8 10 12 13 16 18 20 | 20.6
Shields        | 4 |  4.0
Invocations    | 3 7 10 11 12 13 | 13.0
Armour         | 3 6 7 9 10 11 13 14 15 | 15.2
Evocations     | 3 7 9 11 12 14 | 14.0
Dodging        | 1 6 9 12 | 12.8
Throwing       | |  1.7

Action                   |  1- 3 |  4- 6 |  7- 9 | 10-12 | 13-15 | 16-18 | 19-21 | 22-24 || total
-------------------------+-------+-------+-------+-------+-------+-------+-------+-------++-------
Melee: Dagger            |    78 |   254 |   238 |   809 |  2212 |  2337 |  2024 |   702 ||  8654
       Bite              |    16 |    88 |    83 |   346 |  1210 |  1361 |  1344 |  1471 ||  5919
       Kick              |       |       |       |       |       |   675 |  1419 |  1462 ||  3556
       Quick blade       |       |       |       |       |       |       |       |  1468 ||  1468
Throw: Dart              |     8 |    22 |    16 |     4 |     7 |       |       |       ||    57
Invok: Shadow Step       |       |       |       |       |     1 |     1 |       |       ||     2
Evoke: Lamp of fire      |       |       |       |     2 |       |       |       |       ||     2
       Wand              |       |       |       |       |     2 |     6 |       |    17 ||    25
  Use: Scroll            |       |     8 |     5 |     7 |    15 |    23 |     6 |     4 ||    68
       Potion            |       |       |       |     2 |     2 |     2 |     2 |     2 ||    10
 Stab: Sleeping          |    11 |     9 |    17 |    33 |   100 |    67 |    74 |    62 ||   373
       Distracted        |       |     1 |     2 |     1 |     8 |    12 |    15 |    10 ||    49
       Confused          |       |       |       |       |     2 |       |       |       ||     2
       Invisible         |       |       |       |       |       |       |     6 |       ||     6
  Eat: Chunk             |     3 |     6 |     9 |    17 |    35 |    28 |    24 |    23 ||   145
       Ration            |       |       |     1 |     2 |     1 |     2 |     1 |     2 ||     9
Armor: Robe              |    13 |    14 |       |       |       |       |       |       ||    27
       Ring mail         |       |    43 |    74 |       |       |       |       |       ||   117
       Pearl dragon scal |       |       |       |   279 |   748 |   748 |   444 |   493 ||  2712
       Troll leather arm |       |       |       |     7 |       |       |       |       ||     7
Dodge: Dodged            |    24 |   102 |    72 |   224 |   529 |   505 |   351 |   728 ||  2535
Block: Buckler           |       |       |     8 |   123 |   373 |   634 |   465 |   621 ||  2224
       Reflection        |       |       |       |       |    15 |    26 |    30 |    43 ||   114

Table legend:
 A = Non-vault XP
 B = Vault XP
 C = Vault XP percentage of total XP
 D = Non-vault monster count
 E = Vault monster count
 F = Vault count percentage of total count
                 A         B        C        D         E       F
            +---------+---------+-------+---------+---------+-------
      Total |  511853 |  441336 |  46.3 |    1232 |     626 |  33.7
            +---------+---------+-------+---------+---------+-------
        D:1 |      31 |       0 |   0.0 |      15 |       0 |   0.0
        D:2 |      36 |       6 |  14.3 |      13 |       4 |  23.5
        D:3 |     172 |      58 |  25.2 |      38 |      13 |  25.5
        D:4 |     260 |      35 |  11.9 |      19 |       1 |   5.0
        D:5 |     739 |       0 |   0.0 |      18 |       0 |   0.0
        D:6 |     918 |       0 |   0.0 |      22 |       0 |   0.0
        D:7 |     605 |    1893 |  75.8 |       8 |      14 |  63.6
        D:8 |    1191 |       0 |   0.0 |      22 |       0 |   0.0
        D:9 |    3394 |    1124 |  24.9 |      25 |       9 |  26.5
       D:10 |    2017 |     871 |  30.2 |      13 |       4 |  23.5
       D:11 |    3641 |       0 |   0.0 |      48 |       0 |   0.0
       D:12 |    2622 |     704 |  21.2 |      10 |      16 |  61.5
       D:13 |   11442 |       0 |   0.0 |      40 |       0 |   0.0
       D:14 |    8638 |    1808 |  17.3 |      29 |       2 |   6.5
       D:15 |   10834 |    5376 |  33.2 |      22 |       6 |  21.4
     Lair:1 |    5989 |       0 |   0.0 |      25 |       0 |   0.0
     Lair:2 |    2942 |    4375 |  59.8 |       8 |      19 |  70.4
     Lair:3 |    7018 |     445 |   6.0 |      21 |       1 |   4.5
     Lair:4 |    4239 |    1252 |  22.8 |      17 |       3 |  15.0
     Lair:5 |    8812 |    1784 |  16.8 |      26 |       5 |  16.1
     Lair:6 |   11613 |   14765 |  56.0 |      28 |      35 |  55.6
    Swamp:1 |   19241 |    6554 |  25.4 |      55 |       7 |  11.3
    Swamp:2 |   10841 |    2051 |  15.9 |      35 |       1 |   2.8
    Swamp:3 |   11767 |       0 |   0.0 |      25 |       0 |   0.0
    Swamp:4 |   12215 |   12245 |  50.1 |      27 |      23 |  46.0
    Snake:1 |   11530 |    3623 |  23.9 |      22 |       3 |  12.0
    Snake:2 |   17989 |    7677 |  29.9 |      26 |       6 |  18.8
    Snake:3 |   14402 |    5342 |  27.1 |      23 |      21 |  47.7
    Snake:4 |   23666 |   53555 |  69.4 |      47 |      74 |  61.2
    Slime:1 |   17391 |     773 |   4.3 |      35 |       3 |   7.9
      Orc:1 |    6313 |    5295 |  45.6 |      56 |      23 |  29.1
      Orc:2 |    3878 |    9967 |  72.0 |      49 |      42 |  46.2
   Vaults:1 |   25354 |   10076 |  28.4 |      43 |      19 |  30.6
   Vaults:2 |   36508 |   48245 |  56.9 |      57 |      61 |  51.7
   Vaults:3 |   29096 |   26253 |  47.4 |      48 |      39 |  44.8
   Vaults:4 |   31666 |   34340 |  52.0 |      47 |      35 |  42.7
   Vaults:5 |   17802 |   84719 |  82.6 |      26 |      50 |  65.8
   Depths:1 |   39138 |   25478 |  39.4 |      44 |      35 |  44.3
   Depths:2 |   22421 |   22039 |  49.6 |      26 |      19 |  42.2
   Depths:3 |   33150 |   34180 |  50.8 |      35 |      28 |  44.4
   Depths:4 |   40332 |   14428 |  26.3 |      39 |       5 |  11.4
            +---------+---------+-------+---------+---------+-------

Levels and vault maps discovered:
D:1:      giann_horns, layout_loops_ring, solitary_fountain
D:2:      layout_basic, trog_butcher_becter
D:3:      kennysheep_goblin_castle, layout_basic, marbit_many_paths,
          amethyst_overflow_temple_binary, old_standard_altar
D:4:      layout_rooms, grunt_temple_overflow_order_and_chaos_2,
          old_standard_altar, temple_fountains, first_ration,
          nicolae_ru_path_of_blood, uniq_ijyb, uniq_natasha
D:5:      layout_basic, tgw_trog, minitemple, grunt_gozag_breadcrumbs
D:6:      layout_basic
D:7:      minmay_the_grid_square_5x5_3x3 [minmay_the_grid_square_5x5_slash,
          minmay_the_grid_square_5x5_mess,
          minmay_the_grid_square_5x5_intrusive_squares,
          minmay_the_grid_square_5x5_minivault,
          minmay_the_grid_square_5x5_megaprize_crossed,
          minmay_the_grid_square_5x5_inner_v,
          minmay_the_grid_square_5x5_one_wall,
          minmay_the_grid_square_5x5_shrine2, minmay_the_grid_square_5x5_v],
          layout_gridville, overflow_temple_1_default, serial_shops,
          kennysheep_mini, uniq_joseph
D:8:      layout_basic, gammafunk_ghost_smash
D:9:      layout_layer_cave, cheibriados_altar_1, erik_lair_island,
          uniq_prince_ribbit1
D:10:     layout_big_octagon, basic_altar, serial_shops,
          nicolae_shop_waterfront, hangedman_stone_soup,
          eino_small_chamber_without_monster
D:11:     layout_roguey, minmay_misc_feat_columns
D:12:     layout_stronghold, erik_orc_4, nicolae_dithmenos_the_darkroom
D:13:     layout_gridville
D:14:     layout_roguey, erik_vaults_1, chequers_serial_rivers_room_b,
          chequers_serial_rivers_small_b, hangedman_decor_clover_reticule
D:15:     hangedman_depths_entry_civil_slaughter, layout_basic
Temple:   compressed_dpeg_circular_temple
Lair:1:   layout_misc_corridors
Lair:2:   layout_roguey, guppyfry_snake_entry_island, nzn_random_ring,
          grunt_megastairs_3
Lair:3:   minmay_lair_oklob_tunnel, layout_loops_ring, basic_altar,
          gammafunk_ghost_abyssal_escape
Lair:4:   layout_hall_layers, swamp_mist_pool, portal_ice_cave_rime,
          hibernation_bobbens
Lair:5:   layout_small_grid, chequers_serial_rivers_micro_e, beast_lair_carwin_6
Lair:6:   evil_forest, layout_cave_pods, dpeg_slime_entry_enclosed_altar,
          minmay_lair_oklob_chamber, uniq_snorg
Swamp:1:  layout_falls_marsh, ebering_ghost_funeral_grove, serial_swamp_ruin,
          evilmike_swamp_ruin_rubble_2, evilmike_swamp_ruin_house_1,
          hangedman_swamp_ruin_wall
Swamp:2:  layout_basic_swamp, evilmike_swamp_ruin_house_5, uniq_jorgrun,
          uniq_donald
Swamp:3:  layout_basic_swamp, evilmike_swamp_ruin_house_4, lightli_tree_ring
Swamp:4:  swamp_fiery, layout_basic_swamp
Snake:1:  layout_misc_corridors, drop_trap, uniq_roxanne
Snake:2:  layout_cave_shapes, serial_shops, shop, st_stairs_4, uniq_vashnia
Snake:3:  layout_rooms, serial_shops, shop_statue, shop, shop,
          nicolae_shop_statue_plus, nicolae_shop_crystal, st_stairs_8,
          nicolae_snake_lava_pool, uniq_agnes
Snake:4:  grunt_snake_rune_serpentine_throne, layout_chambers,
          grunt_megastairs_1, uniq_saint_roka
Slime:1:  layout_caves, nicolae_slime_phagocytosis
Orc:1:    orc_temple, layout_diamond_mine
Orc:2:    grunt_orc_cross, layout_diamond_mine, serial_shops, shop_fountains,
          hangedman_feature_mirror
Vaults:1: v_misc_5, v_misc_1, vaults_dpeg_diagonal, nicolae_vaults_triangles,
          v_misc_18, v_alt_pattern_1, ontoclasm_vaults_decontamination,
          grunt_vaults_hallway_short, ontoclasm_vaults_ligature,
          nicolae_vaults_specimen_jars, grunt_vaults_hallway_short,
          layout_vaults_big_room, serial_shops, nicolae_shop_behind_doors, shop,
          nicolae_shop_crystal
Vaults:2: hangedman_vaults_maws, v_misc_30, st_greater_box_1, v_misc_16,
          nicolae_vaults_what_the_h, vaults_standard_mumra_lines,
          vaults_dpeg_ring, ontoclasm_vaults_shuriken, dpeg_vaults_monster_row,
          minmay_crypt_entry_simple_plaza, v_misc_24, hangedman_vaults_impose,
          layout_vaults_maze
Vaults:3: nicolae_vaults_network_star, ontoclasm_vaults_idyll,
          nicolae_vaults_big_angled_halls, v_misc_22, v_alt_pattern_2,
          vaults_standard_mumra_x, nicolae_vaults_border_crossing,
          vaults_room_fours, vaults_room_fours, grunt_vaults_focal,
          nicolae_vaults_circle_grid_a, layout_vaults_omnicross, serial_shops,
          nicolae_shop_crystal
Vaults:4: vaults_dpeg_spiral, nicolae_vaults_theta, v_misc_24,
          nicolae_vaults_little_squares_4, v_misc_12,
          nicolae_vaults_network_barrier, hangedman_vaults_corner_blocks,
          ontoclasm_vaults_pinch, nicolae_vaults_statue_guard,
          vaults_room_corners, dpeg_vaults_monster_box, layout_vaults_quadrants,
          serial_shops, shop, nicolae_shop_waterfront, shop
Vaults:5: uniq_mara
Depths:1: cheibrodos_leafed_vault, layout_cave_pools, pf_coc_iceberg,
          grunt_decor_clamped, minmay_room_of_horrors, enter_trove_0, drop_trap,
          nrook_kobold_shadow_demons
Depths:2: evilmike_wizard_prison, layout_cave_shapes,
          minmay_staircase_windowed_large, hell_entry,
          hangedman_abyss_entry_splay, minmay_mirror_moons_of_madness
Depths:3: minmay_tri_stars, layout_cave_pools, enter_ziggurat_d,
          pf_hell_entry_great_geh, rand_demon_pan_entry_9, minmay_holes,
          uniq_enchantress
Depths:4: dpeg_oklob_gauntlet, layout_gridville, hangedman_decor_diamond_cutter,
          pf_hell_entry_tar_spiral, abyss_entry_flame_altar,
          minmay_staircase_statues, uniq_mennas

Table legend:
 A = Turns spent in this place as a percentage of turns spent in the entire game.
 B = Non-inter-level travel turns spent in this place as a percentage of non-inter-level travel turns spent in the entire game.
 C = Inter-level travel turns spent in this place as a percentage of turns spent in this place.
 D = Turns resting spent in this place as a percentage of non-inter-level travel turns spent in this place.
 E = Turns spent auto-exploring this place as a percentage of non-inter-level travel turns spent in this place.
 F = Non-inter-level travel turns spent in this place divided by the number of levels of this place that you've seen.
                   A       B       C       D       E      F
               +-------+-------+-------+-------+-------+----------------------
         Total | 100.0 | 100.0 |   8.9 |  10.1 |  50.8 | 1085.3
       Dungeon |  29.0 |  28.4 |  10.7 |   6.2 |  64.2 | 864.5
        Temple |   0.1 |   0.1 |  22.4 |   0.0 |  86.8 |  38.0
          Lair |  15.9 |  16.1 |   7.8 |  12.2 |  51.8 | 1219.5
         Swamp |   9.0 |   9.3 |   5.7 |  15.2 |  45.6 | 1057.2
     Snake Pit |   9.3 |   9.8 |   3.3 |  13.0 |  46.1 | 1121.5
    Slime Pits |   1.0 |   1.0 |   7.9 |   0.0 |  35.3 | 453.0
  Orcish Mines |   6.8 |   6.8 |   9.4 |   9.0 |  40.4 | 1543.0
        Vaults |  19.0 |  18.0 |  14.0 |  11.3 |  43.6 | 1638.0
        Depths |  10.0 |  10.6 |   3.4 |  10.3 |  42.5 | 1203.8
               +-------+-------+-------+-------+-------+----------------------

Table legend:
 A = Kills in this place as a percentage of kills in entire the game.
 B = Kills by you in this place as a percentage of kills by you in the entire game.
 C = Kills by friends in this place as a percentage of kills by friends in the entire game.
 D = Other kills in this place as a percentage of other kills in the entire game.
 E = Experience gained in this place as a percentage of experience gained in the entire game.
 F = Experience gained in this place divided by the number of levels of this place that you have seen.
                   A       B       C       D       E      F
               +-------+-------+-------+-------+-------+----------------------
         Total | 100.0 | 100.0 |   N/A | 100.0 | 100.0 | 22695.0
       Dungeon |  22.1 |  22.2 |   N/A |   0.0 |   6.1 | 3894.3
          Lair |  10.1 |  10.1 |   N/A |   0.0 |   6.6 | 10539.0
         Swamp |   9.3 |   9.2 |   N/A |  50.0 |   7.9 | 18728.5
     Snake Pit |  11.9 |  11.9 |   N/A |  25.0 |  14.5 | 34446.0
    Slime Pits |   2.0 |   2.0 |   N/A |   0.0 |   1.9 | 18164.0
  Orcish Mines |   9.1 |   9.2 |   N/A |   0.0 |   2.7 | 12726.5
        Vaults |  22.9 |  22.9 |   N/A |   0.0 |  36.1 | 68811.8
        Depths |  12.4 |  12.4 |   N/A |  25.0 |  24.3 | 57791.5
               +-------+-------+-------+-------+-------+----------------------
